 Dungeon Crawl Stone Soup version 0.17-a0-1572-g7a1422d (webtiles) character file.

74 Chiseanne the Covered (level 4, -8/52 HPs)
             Began as a Demonspawn Wanderer on July 26, 2015.
             Killed from afar by Ijyb (20 damage)
             ... with a wand of fire
             ... on level 3 of the Dungeon.
             The game lasted 00:04:20 (1888 turns).

Chiseanne the Covered (Demonspawn Wanderer)         Turns: 1888, Time: 00:04:20

Health: -8/52      AC: 22    Str: 14    XL:     4   Next: 10%
Magic:  4/4        EV:  2    Int: 11    God:
Gold:   114        SH:  0    Dex: 17    Spells: 0 memorised, 3 levels left

rFire  . . .     SeeInvis .     s - +2 dagger (venom)
rCold  . . .     Clarity  .     (armour currently unavailable)
rNeg   + + +     SustAt   .     (no shield)
rPois  +         Gourm    .     (helmet currently unavailable)
rElec  .         Spirit   .     (cloak currently unavailable)
rCorr  .         Warding  .     (gloves currently unavailable)
rMut   .         NoTele   +     (boots currently unavailable)
MR     .....                    (no amulet)
Stlth  ++........               (no ring)
                                i - +3 ring of dexterity

@: tree-form, slowed, very slow, not resistant to hostile enchantments,
unstealthy
A: (antennae 0), (yellow scales 0)
a: no special abilities


You were on level 3 of the Dungeon.
You were not hungry.
You were a tree.
You visited 1 branch of the dungeon, and saw 3 of its levels.

You collected 114 gold pieces.

Inventory:

Hand weapons
 a - a +2 hand axe
 s - a +2 dagger of venom (weapon)
Missiles
 d - 17 sling bullets
 f - 20 arrows
 o - 7 silver tomahawks (quivered)
 r - 18 bolts
Armour
 h - a +0 ring mail (melded)
 q - a +1 pair of boots (melded)
Jewellery
 i - a +3 ring of dexterity (left branch)
Scrolls
 m - a scroll of remove curse
Potions
 b - 2 potions of curing
 c - a potion of lignification
 j - a potion of heal wounds
Comestibles
 e - 4 bread rations


   Skills:
 - Level 3.0 Fighting
 - Level 2.6 Axes
 - Level 1.0 Throwing
 * Level 3.2 Armour
 + Level 2.0 Dodging
 - Level 1.0 Stealth


You had 3 spell levels left.
You didn't know any spells.

Dungeon Overview and Level Annotations

Branches:
Dungeon (3/15)

Altars:

Annotations:
D:3 Ijyb


Innate Abilities, Weirdness & Mutations

((You have a pair of small antennae on your head.))
((You are mostly covered in yellow scales (AC +3).))


Message History

You feel stronger.
Your demonic ancestry asserts itself...
Yellow scales spread over more of your body.
The shadow imp disappears in a puff of smoke!
Ijyb moves out of view.
The kobold closely misses you.
Ijyb zaps a wand.
The bolt of fire hits you!
* * * LOW HITPOINT WARNING * * *
Found a fruit.
The kobold hits you but does no damage. The goblin hits you but does no damage.
The goblin hits you but does no damage. The kobold hits you with a club.
* * * LOW HITPOINT WARNING * * *
You closely miss the kobold. The goblin closely misses you.
The kobold barely misses you.
Drink which item? (? for menu, Esc to quit)
You turn into a tree.
Your +1 pair of boots melds into your body.
Your +0 ring mail melds into your body.
Your roots penetrate the ground.
Ijyb zaps a wand.
The bolt of fire hits the kobold.
The kobold dies!
The bolt of fire hits you!
You die...

#.... #
.#.#..### .#
#......K.? .
%. >.....#g#
##.##....#.#
.........g.#
..#.....#.#
..#......)#
.......##♣#
....#.##g#
.###....†K#
..........#
#.........#
.......<..#
......[..$#
##........#
.[....#.###


You could see Ijyb, a goblin and 2 kobolds.

Vanquished Creatures
  Natasha (D:3)
  2 adders (D:2)
  An ooze (D:1)
  2 worms (D:2)
  2 giant cockroaches (D:2)
  2 goblins
  5 hobgoblins
  A ball python (D:2)
  4 bats
  A giant newt (D:2)
  2 kobolds (D:2)
  A quokka (D:2)
  4 rats
28 creatures vanquished.

Vanquished Creatures (others)
  A kobold (D:3)
  5 toadstools (D:1)
6 creatures vanquished.

Grand Total: 34 creatures vanquished

Notes
Turn   | Place    | Note
--------------------------------------------------------------
     0 | D:1      | Chiseanne the Demonspawn Wanderer began the quest for the Orb.
     0 | D:1      | Chiseanne set off with: a +2 hand axe, a potion of curing, a potion of lignification, a +0 robe, a bread ration
     0 | D:1      | Reached XP level 1. HP: 18/18 MP: 1/1
    56 | D:1      | Reached skill level 1 in Dodging
   309 | D:1      | Gained mutation: You are partially covered in yellow scales (AC +2). [demonic ancestry]
   309 | D:1      | Reached XP level 2. HP: 24/24 MP: 2/2
  1421 | D:2      | Gained mutation: You have a pair of small antennae on your head. [demonic ancestry]
  1421 | D:2      | Reached XP level 3. HP: 29/29 MP: 3/3
  1875 | D:3      | Noticed Natasha
  1883 | D:3      | Noticed Ijyb
  1884 | D:3      | Killed Natasha
  1884 | D:3      | Gained mutation: You are mostly covered in yellow scales (AC +3). [demonic ancestry]
  1884 | D:3      | Reached XP level 4. HP: 26/35 MP: 4/4
  1888 | D:3      | Killed from afar by Ijyb

Vault maps used:
D:1:      ldierk_walled_garden
D:2:      first_bread
D:3:      uniq_natasha, uniq_iyjb, uniq_crazy_yiuf_cottage

Action                   |  1- 3 |  4- 6 || total
-------------------------+-------+-------++-------
Melee: Hand axe          |    50 |       ||    50
       Dagger            |    31 |     1 ||    32
  Use: Scroll            |     5 |       ||     5
       Potion            |       |     1 ||     1
  Eat: Chunk             |     3 |       ||     3
